[Event "*** Titled Tuesday Blitz"]
[Site "Chess.com"]
[Date "2021.03.02"]
[Round "1"]
[White "Misticpikachu"]
[Black "A-Fier"]
[Result "0-1"]
[WhiteElo "2409"]
[BlackElo "2777"]
[TimeControl "180+1"]
[EndTime "10:06:10 PST"]
[Termination "A-Fier won by resignation"]

1. c4 Nf6 2. Nc3 g6 3. g3 Bg7 4. Bg2 O-O 5. e4 d6 6. d3 e5 7.
Nge2 Nc6 8. O-O Nd7 9. Be3 Nc5 10. d4 exd4 11. Nxd4 Bd7 12. Qd2 Re8 13. Rfe1 Qe7 14. Nd5 Qd8 15. Rad1 Ne6 16. Nxc6 bxc6 17. Nc3 c5 18. b3 Rb8 19. Nd5 Bc6 20. Bh6 Bh8 21. Bh3 Nd4 22. Bg2 Bxd5 23. exd5 Qf6 24. Bg5 Qf5 25. Be3 h5 26. Bxd4 Bxd4 27. Rxe8+ Rxe8 28. Kf1 h4 29. Re1 Rxe1+ 30. Qxe1 Qc2 31. Qe2 Qb1+ 32. Qe1 Qxa2 33. gxh4 Qxb3 34. Qc1 Qd3+ 35. Kg1 a5 36. h5 Qf5 37. hxg6 Qxf2+ 38. Kh1 fxg6 39. h4 Qxh4+ 0-1

[Event "*** Titled Tuesday Blitz"]
[Site "Chess.com"]
[Date "2021.03.02"]
[Round "1"]
[White "Mbneu"]
[Black "CheckThis4"]
[Result "0-1"]
[WhiteElo "2314"]
[BlackElo "2617"]
[TimeControl "180+1"]
[EndTime "10:06:10 PST"]
[Termination "CheckThis4 won by checkmate"]

1. d4 d5 2. c4 e6 3. Nc3 Bb4 4.
Nf3 Nf6 5. Bg5 dxc4 6. e4 c5 7. Bxc4 cxd4 8. Bxf6 Qxf6 9. Qxd4 Qxd4 10. Nxd4 Bxc3+ 11. bxc3 a6 12. a4 Bd7 13. Rb1 Ra7 14. a5 Ke7 15. Ke2 Rc8 16. Kd3 Nc6 17. Nxc6+ Bxc6 18. f3 Raa8 19. Rb6 Rc7 20. Bb3 Rac8 21. c4 Rd8+ 22.
Ke3 Rcd7 23. Bc2 Rd2 24. Rc1 Rxg2 25. e5 Rxh2 26. Be4 Bxe4 27. Kxe4 Rd7 28. c5 g5 29.
c6 Re2# 0-1

[Event "*** Titled Tuesday Blitz"]
[Site "Chess.com"]
[Date "2021.03.02"]
[Round "1"]
[White "Hongjin"]
[Black "jefferyx"]
[Result "0-1"]
[WhiteElo "2471"]
[BlackElo "3023"]
[TimeControl "180+1"]
[EndTime "10:06:11 PST"]
[Termination "jefferyx won on time"]

1. d4 Nf6 2. Nf3 d5 3. c4 dxc4 4. e3 e6 5. Bxc4 c5 6. O-O Nc6 7. Nc3 a6 8. d5 Na5 9. Qe2 Nxc4 10. Qxc4 exd5 11. Qb3 b5 12. e4 d4 13. e5 Be6 14.
Qc2 dxc3 15. exf6 Qxf6 16. Qe4 Rc8 17. bxc3 Bd6 18. Ng5 Qe5 19. Qh4 Be7 20. Nf3 Qxc3 21. Qg3 Qxa1 22. Bg5 Qc3 23. Bxe7 Kxe7 24. Qh4+ Qf6 25. Qe4 Rhd8 26. Re1 Kf8 27. Qxh7 Qh6 28. Qe4 Re8 29. Qb7 Bxa2 30. Rf1 Qc6 31. Qa7 Rc7 0-1

[Event "*** Titled Tuesday Blitz"]
[Site "Chess.com"]
[Date "2021.03.02"]
[Round "1"]
[White "Moultino06"]
[Black "anon219"]
[Result "0-1"]
[WhiteElo "2429"]
[BlackElo "2843"]
[TimeControl "180+1"]
[EndTime "10:06:12 PST"]
[Termination "anon219 won by resignation"]

1. e4 c5 2. c3 d5 3. exd5 Qxd5 4. d4 Nc6 5. Nf3 Bf5 6. Nbd2 Qe6+ 7. Qe2 cxd4 8.
cxd4 Nf6 9. Qxe6 Bxe6 10. Bb5 Bd5 11. O-O a6 12. Bc4 e6 13. Bxd5 Nxd5 14. Ne4 Be7 15. Be3 O-O 16. Ne5 Rac8 17. Rac1 Ncb4 18. a3 Nc2 19. Bd2 Nxd4 20. Rxc8 Rxc8 21. Rd1 Rc2 22. Bc3 Ne2+ 23. Kf1 f6 24. Nf3 Nexc3 25. Nxc3 Nxc3 26. bxc3 Rxc3 27. Rd7 Bxa3 28. Rxb7 e5 29. Ra7 Rc6 30. Nd2 Bb4 31. Nb3 h5 32. Ke2 Kh7 33. f3 Kg6 34. h3 h4 35. Rb7 a5 36. Ra7 Rc2+ 37. Ke3 Rxg2 38. Nxa5 Bc5+ 0-1

[Event "*** Titled Tuesday Blitz"]
[Site "Chess.com"]
[Date "2021.03.02"]
[Round "1"]
[White "Zkid"]
[Black "jens1102"]
[Result "1-0"]
[WhiteElo "2810"]
[BlackElo "2419"]
[TimeControl "180+1"]
[EndTime "10:06:12 PST"]
[Termination "Zkid won by resignation"]

1. e4 c5 2. Nf3 e6 3. d4 cxd4 4. Nxd4 Nc6 5. Nc3 Qc7 6. Be3 a6 7.
Qf3 Nf6 8. O-O-O d6 9. Nxc6 Qxc6 10. g4 b5 11. g5 Nd7 12. Bd4 Bb7 13. Bg2 Rc8 14.
Qe2 b4 15. Nd5 Qc4 16. Qxc4 Rxc4 17. Ne3 Rc8 18. b3 Nc5 19. f3 e5 20. Bb2 Be7 21.
Nf5 Rc6 22. Nxg7+ Kf8 23. Nf5 Bxg5+ 24. Kb1 Be7 25. Bf1 Rg8 26. Bc4 Rg2 27. Rhg1 Rxg1 28.
Rxg1 Ne6 29. Bxe6 fxe6 30. Nxe7 Kxe7 31. Rg7+ 1-0

[Event "*** Titled Tuesday Blitz"]
[Site "Chess.com"]
[Date "2021.03.02"]
[Round "1"]
[White "StockholmMissile"]
[Black "NoGuru"]
[Result "1-0"]
[WhiteElo "2597"]
[BlackElo "2287"]
[TimeControl "180+1"]
[EndTime "10:06:15 PST"]
[Termination "StockholmMissile won by resignation"]

1. d4 d5 2. c4 e6 3. Nf3 Nf6 4. Bg5 Be7 5. e3 h6 6. Bxf6 Bxf6 7. Qc2 O-O 8. h4 c5 9. g4 g6 10. g5 hxg5 11. hxg5 Bxg5 12. dxc5 Nc6 13. Nc3 d4 14. Ne4 Be7 15. O-O-O f5 16. Nd6 Bxd6 17. cxd6 Qxd6 18. Nxd4 Qe7 19. Nxc6 bxc6 20. c5 e5 21. Rd6 Rf6 22. Bc4+ Kg7 23. Qd2 Rxd6 24. cxd6 Qd8 25. f4 Qf6 26. d7 Bb7 27. Qc3 Rd8 28. fxe5 Qe7 29. e6+ Qf6 30. Rh7+ 1-0

[Event "*** Titled Tuesday Blitz"]
[Site "Chess.com"]
[Date "2021.03.02"]
[Round "1"]
[White "bascheyaro"]
[Black "korkmaz16"]
[Result "0-1"]
[WhiteElo "2697"]
[BlackElo "2403"]
[TimeControl "180+1"]
[EndTime "10:06:16 PST"]
[Termination "korkmaz16 won by resignation"]

1. d4 Nf6 2. Nf3 g6 3. c4 Bg7 4.
Nc3 d5 5. Bf4 c5 6. dxc5 Qa5 7.
Be5 dxc4 8. e3 O-O 9. Bxc4 Qxc5 10. Qb3 Nc6 11. Bd4 Nxd4 12. exd4 Qb6 13. Qxb6 axb6 14. h3 e6 15. Ke2 Bd7 16. Bb5 Bxb5+ 17. Nxb5 Nd5 18. g3 Rfc8 19. Rhd1 Bh6 20. Na3 b5 21. Kd3 Nb4+ 22. Ke2 Nc2 23. Rab1 Nxa3 24. bxa3 Rxa3 25. Rb2 Bc1 26. Rxb5 Rxa2+ 27. Ke1 Rcc2 28. Rc5 Re2+ 29.
Kf1 Rxf2+ 30. Kg1 Be3 0-1

[Event "*** Titled Tuesday Blitz"]
[Site "Chess.com"]
[Date "2021.03.02"]
[Round "1"]
[White "kuba2006"]
[Black "PavelShkapenko"]
[Result "0-1"]
[WhiteElo "2376"]
[BlackElo "2707"]
[TimeControl "180+1"]
[EndTime "10:06:16 PST"]
[Termination "PavelShkapenko won by checkmate"]

1. b3 c6 2. Bb2 d5 3. e3 Bf5 4.
Nf3 Nd7 5. Be2 e6 6. O-O h6 7. c4 Ngf6 8. Nc3 Be7 9. d4 O-O 10. Ne5 Nxe5 11. dxe5 Nd7 12. cxd5 cxd5 13. Nb5 Bh7 14.
Rc1 a6 15. Nd4 Qa5 16. Bc3 Qb6 17. f4 Rac8 18. Qd2 Ba3 19. Bb2 Bb4 20. Bc3 Rxc3 21. Rxc3 Nc5 22. Qc1 Qa5 23. Rc2 Bxc2 24. Qxc2 Bd2 25.
Rf3 Ne4 26. Qb2 Bxe3+ 27. Rxe3 Qe1+ 28. Bf1 Qxe3+ 29. Kh1 Nf2+ 30. Kg1 Nh3+ 31. Kh1 Qg1# 0-1

[Event "*** Titled Tuesday Blitz"]
[Site "Chess.com"]
[Date "2021.03.02"]
[Round "1"]
[White "tjychess"]
[Black "LileKoridze"]
[Result "0-1"]
[WhiteElo "2732"]
[BlackElo "2414"]
[TimeControl "180+1"]
[EndTime "10:06:17 PST"]
[Termination "LileKoridze won by resignation"]

1. d4 Nf6 2. c4 e6 3. Nf3 d5 4. Nc3 Bb4 5. Qa4+ Nc6 6. e3 O-O 7. Qc2 Be7 8. Bd2 a6 9. a3 dxc4 10. Bxc4 b5 11. Ba2 Bb7 12. O-O Na5 13. Ne5 c5 14. dxc5 Bxc5 15. b4 Bd6 16. f4 Nc6 17. Nxc6 Bxc6 18. Qd3 Bxf4 19. Qe2 Be5 20. Rac1 Qd6 21.
h3 Bh2+ 22. Kh1 Qg3 23. Rf3 Bxf3 24. gxf3 Rfd8 25. Rd1 Qxh3 26. Qxh2 Qxf3+ 27. Qg2 Qh5+ 28. Kg1 Rac8 29. Bb3 Rxc3 30. Bxc3 Rxd1+ 31. Bxd1 Qxd1+ 32. Kh2 Qh5+ 33. Kg1 Qg6 0-1

[Event "*** Titled Tuesday Blitz"]
[Site "Chess.com"]
[Date "2021.03.02"]
[Round "1"]
[White "bogcsab"]
[Black "Brave_spirit12"]
[Result "0-1"]
[WhiteElo "2153"]
[BlackElo "2516"]
[TimeControl "180+1"]
[EndTime "10:06:17 PST"]
[Termination "Brave_spirit12 won on time"]

1. d4 Nf6 2. c4 e6 3. Nc3 d5 4. cxd5 exd5 5. Nf3 c6 6. e3 Be7 7. Bd3 O-O 8. O-O Re8 9. Ne5 h6 10. f4 Nbd7 11. h3 c5 12. g4 Qb6 13. Bc2 cxd4 14. exd4 Rd8 15. Qd3 Ne4 16. Nxe4 dxe4 17. Qxe4 Nf6 18. Qe2 Be6 19. b3 Qxd4+ 20. Be3 Qb4 21.
Rad1 Bc5 22. Kh2 Bxe3 23. Qxe3 Nd5 24. Qd3 Qc3 25. Qh7+ Kf8 26. Rf3 Ne3 27. Rxd8+ Rxd8 28. Be4 Rd2+ 29. Kg3 Rg2+ 30. Kh4 Qe1+ 31. Kh5 Bxg4+ 32. Nxg4 Rxg4 33. Qh8+ Ke7 0-1

[Event "*** Titled Tuesday Blitz"]
[Site "Chess.com"]
[Date "2021.03.02"]
[Round "1"]
[White "esapunov"]
[Black "Jadeit90"]
[Result "1-0"]
[WhiteElo "2709"]
[BlackElo "2383"]
[TimeControl "180+1"]
[EndTime "10:06:18 PST"]
[Termination "esapunov won by resignation"]

1. c4 g6 2. Nf3 Bg7 3. d4 c5 4. d5 d6 5. e4 Nf6 6. Bd3 O-O 7. h3 e6 8. Nc3 exd5 9. cxd5 Na6 10. O-O Nc7 11.
Re1 Rb8 12. a4 a6 13. a5 b5 14. axb6 Rxb6 15. Ra2 Re8 16. Bf4 Rb4 17. Qd2 Nb5 18.
Bxb5 axb5 19. Ra8 Nxe4 20. Nxe4 Rbxe4 21. Rxe4 Rxe4 22. Bxd6 Qxd6 23. Rxc8+ Bf8 24. Rc6 Qd8 25. Qd3 Rc4 26. b3 Rc1+ 27. Kh2 Bd6+ 28. g3 Qf6 29.
Kg2 Kg7 30. h4 Rc3 31. Qe2 Rxb3 32. Ng5 Rb2 33. Qe3 Qe5 34. Qf3 Qe7 35. Rxd6 Qxd6 36. Qxf7+ 1-0

[Event "*** Titled Tuesday Blitz"]
[Site "Chess.com"]
[Date "2021.03.02"]
[Round "1"]
[White "ApoIogiA"]
[Black "KruHor"]
[Result "0-1"]
[WhiteElo "2204"]
[BlackElo "2531"]
[TimeControl "180+1"]
[EndTime "10:06:18 PST"]
[Termination "KruHor won on time"]

1. d4 Nf6 2. c4 e6 3. Nc3 Bb4 4. f3 c5 5. d5 b5 6. e4 bxc4 7. Bxc4 exd5 8. exd5 O-O 9. Ne2 Bxc3+ 10. Nxc3 Re8+ 11. Kf1 Ba6 12. Bxa6 Nxa6 13. Bg5 h6 14. Bh4 Qb6 15. Qd2 Nb4 16. a3 Nbxd5 17. Nxd5 Nxd5 18. Qxd5 Qxb2 19. Re1 Rxe1+ 20. Bxe1 Re8 21. Qd3 d5 22. Qd2 Qxa3 23. Qxd5 Qa6+ 24. Kf2 Re2+ 25. Kg3 Qg6+ 26. Kf4 Qxg2 27. Bg3 Rd2 28. Qe4 Qxh1 29. Qe8+ Kh7 30. Qxf7 Rd4+ 0-1

[Event "*** Titled Tuesday Blitz"]
[Site "Chess.com"]
[Date "2021.03.02"]
[Round "1"]
[White "ChronicUnhappiness"]
[Black "RobertoJBM"]
[Result "0-1"]
[WhiteElo "2373"]
[BlackElo "2705"]
[TimeControl "180+1"]
[EndTime "10:06:19 PST"]
[Termination "RobertoJBM won by resignation"]

1. c4 c6 2. d4 d5 3. cxd5 cxd5 4. Bf4 Nc6 5. Nc3 Nf6 6. e3 a6 7. Rc1 e6 8. Bd3 Qb6 9. Qe2 Be7 10. Nf3 O-O 11. O-O Bd7 12. Na4 Qa7 13. Nc5 Rfc8 14. h3 Be8 15. a3 Na5 16. b4 Nc4 17. Qa2 b6 18. Nb3 a5 19. bxa5 Nxa5 20. Rxc8 Rxc8 21.
Rc1 Nc4 22. Ne5 b5 23. a4 Qxa4 24. Qxa4 bxa4 25. Nd2 Nd6 26. Rxc8 Nxc8 27. Bb1 Bb4 28. e4 Bc3 29. f3 0-1

[Event "*** Titled Tuesday Blitz"]
[Site "Chess.com"]
[Date "2021.03.02"]
[Round "1"]
[White "northridgehawk"]
[Black "Meri-Arabidze"]
[Result "1-0"]
[WhiteElo "2357"]
[BlackElo "2637"]
[TimeControl "180+1"]
[EndTime "10:06:21 PST"]
[Termination "northridgehawk won by resignation"]

1. e4 c5 2. Nf3 e6 3. d4 cxd4 4. Nxd4 Nc6 5. Nc3 a6 6. f4 Bb4 7.
Be3 Nf6 8. e5 Nd5 9. Bd2 Nxc3 10. bxc3 Be7 11. Qg4 O-O 12. Bd3 d6 13. O-O dxe5 14.
Nxc6 bxc6 15. fxe5 Qd5 16. Rae1 f5 17. exf6 Bxf6 18.
Qh3 g6 19. Bh6 Rf7 20. Rf3 e5 21. Qg3 Be6 22. Be4 Qc5+ 23. Kh1 Bd5 24. Bxg6 hxg6 25. Qxg6+ Rg7 26. Qxf6 Raa7 27. Bxg7 Rxg7 28. Rg3 Rxg3 29. hxg3 e4 30. Qg6+ Kh8 31. Qh5+ Kg7 32. Rxe4 Qf2 33. Rg4+ Kf6 34. Rf4+ 1-0

[Event "*** Titled Tuesday Blitz"]
[Site "Chess.com"]
[Date "2021.03.02"]
[Round "1"]
[White "bakki78"]
[Black "indfraeng"]
[Result "1-0"]
[WhiteElo "2774"]
[BlackElo "2406"]
[TimeControl "180+1"]
[EndTime "10:06:22 PST"]
[Termination "bakki78 won by checkmate"]

1. e4 e5 2. Nf3 Nc6 3. Bb5 a6 4. Ba4 Nf6 5. Nc3 b5 6. Bb3 Be7 7. a4 b4 8. Nd5 O-O 9. Nxf6+ Bxf6 10. Bd5 Bb7 11. b3 Rb8 12. Bb2 a5 13. Qe2 Nd4 14. Nxd4 exd4 15. Bxb7 Rxb7 16. O-O-O Re8 17. f4 d6 18.
Rhe1 c5 19. Qf3 Rbe7 20. d3 g6 21. Kb1 Bg7 22. f5 Re5 23. g4 d5 24. Rf1 dxe4 25.
dxe4 Rxe4 26. h4 Qxh4 27. fxg6 fxg6 28. Qf7+ Kh8 29. Rh1 Qxg4 30. Rdg1 Qe2 31. Qxg6 Qe1+ 32.
Ka2 Kg8 33. Qxg7# 1-0

[Event "*** Titled Tuesday Blitz"]
[Site "Chess.com"]
[Date "2021.03.02"]
[Round "1"]
[White "julinha97"]
[Black "NikolaGry"]
[Result "0-1"]
[WhiteElo "2299"]
[BlackElo "2604"]
[TimeControl "180+1"]
[EndTime "10:06:22 PST"]
[Termination "NikolaGry won by checkmate"]

1. e4 d5 2. exd5 Nf6 3. d4 Nxd5 4. Nf3 g6 5. c4 Nb6 6. Nc3 Bg7 7. Be3 O-O 8. Rc1 Nc6 9. d5 Nb8 10. Be2 c6 11.
O-O Bg4 12. b3 N8d7 13. dxc6 bxc6 14. h3 Bxf3 15. Bxf3 Qc7 16. c5 Nc8 17. b4 a6 18.
Qa4 Ne5 19. Be2 Na7 20. f4 Nb5 21. fxe5 Qxe5 22. Nd1 Rfd8 23. Qb3 e6 24. Bxb5 axb5 25.
Bf4 Qd4+ 26. Kh1 Ra4 27. a3 Rda8 28. Rf3 Rxa3 29. Qxa3 Rxa3 30. Rxa3 Qxf4 31. Ra8+ Bf8 32. Rca1 Kg7 33. Rc8 Qxb4 34. Rxc6 Bxc5 35. Rc1 Qe1+ 36. Kh2 Bg1+ 37. Kh1 Bf2+ 38. Kh2 Bg3# 0-1

[Event "*** Titled Tuesday Blitz"]
[Site "Chess.com"]
[Date "2021.03.02"]
[Round "1"]
[White "GMJustin"]
[Black "BanjoKazooieN64"]
[Result "0-1"]
[WhiteElo "2255"]
[BlackElo "2560"]
[TimeControl "180+1"]
[EndTime "10:06:22 PST"]
[Termination "BanjoKazooieN64 won on time"]

1. d4 Nf6 2. c4 g6 3. g3 Bg7 4. Bg2 O-O 5. Nc3 d6 6. e4 c6 7.
Nge2 e5 8. O-O Re8 9. d5 cxd5 10. cxd5 a6 11. a4 Nbd7 12. h3 a5 13. Nb5 Nc5 14. Nec3 b6 15. Re1 Ba6 16. f4 Nh5 17. fxe5 Bxe5 18.
g4 Nf4 19. Qf3 Nxg2 20. Kxg2 Qh4 21. Bf4 Bxf4 22. Qxf4 Nd3 23. Qg3 Qxg3+ 24. Kxg3 Nxe1 25. Rxe1 Red8 26. e5 dxe5 27. Rxe5 Rac8 28. d6 Rc4 29.
Re7 Kf8 30. Ra7 Bxb5 31. Nxb5 Rxa4 32. Rb7 Rb4 33. Rxb6 Rxb2 34. Rb7 a4 0-1

[Event "*** Titled Tuesday Blitz"]
[Site "Chess.com"]
[Date "2021.03.02"]
[Round "1"]
[White "MrChampion_Coach"]
[Black "wonderfultime"]
[Result "0-1"]
[WhiteElo "2457"]
[BlackElo "2916"]
[TimeControl "180+1"]
[EndTime "10:06:23 PST"]
[Termination "wonderfultime won on time"]

1. d4 d5 2. c4 c6 3. Nf3 Nf6 4. Qb3 dxc4 5. Qxc4 Bg4 6. Nbd2 Nbd7 7. g3 e6 8. Bg2 Be7 9. O-O O-O 10. Qb3 Qb6 11. Nc4 Qa6 12. Re1 Rfd8 13. Bf4 Bxf3 14. Bxf3 Nb6 15. Nxb6 axb6 16. e3 b5 17. a3 h6 18. h4 Qa4 19. Bd1 Qa5 20. Bc2 Bd6 21.
Rad1 Bxf4 22. gxf4 Rd5 23. e4 Rxd4 24. e5 Nd5 25.
Rxd4 Qxe1+ 26. Kg2 Qe2 27. Bd1 Qe1 28. Qd3 Rd8 29.
Kf3 Qh1+ 30. Kg3 Qg1+ 31. Kf3 h5 32. f5 c5 33. Re4 exf5 34. Rf4 Qh2 0-1

[Event "*** Titled Tuesday Blitz"]
[Site "Chess.com"]
[Date "2021.03.02"]
[Round "1"]
[White "woodhy"]
[Black "Genghis_K"]
[Result "0-1"]
[WhiteElo "2459"]
[BlackElo "2924"]
[TimeControl "180+1"]
[EndTime "10:06:24 PST"]
[Termination "Genghis_K won by resignation"]

1. e4 c5 2. Nf3 d6 3. d4 cxd4 4. Nxd4 Nf6 5. Nc3 a6 6. h3 e6 7. g4 h6 8. Bg2 Be7 9. Be3 Nc6 10. Qd2 Nxd4 11. Bxd4 e5 12. Be3 b5 13. f4 b4 14. Nd5 Nxd5 15. Qxd5 Bh4+ 16. Kf1 Be6 17. Qd2 exf4 18. Bxf4 O-O 19. Kg1 Rc8 20. Kh2 Bg5 21. Bxg5 Qxg5 22. Qxd6 Rxc2 23. Rhg1 Rd8 24. Qxb4 Bxg4 25. Qb3 Qf4+ 26. Qg3 Qxg3+ 27. Kxg3 Be6 28.
Rgd1 Rxd1 29. Rxd1 Rxb2 30. e5 Rxa2 31. Be4 g5 32. Rd8+ Kg7 33. Ra8 Ra3+ 34. Kf2 Bxh3 35. Bb7 a5 36. Bd5 Be6 37. Bxe6 fxe6 38. Re8 Kf7 39.
Rh8 Rh3 40. Ra8 Kg6 41. Rxa5 Kf5 42. Rb5 g4 0-1

[Event "*** Titled Tuesday Blitz"]
[Site "Chess.com"]
[Date "2021.03.02"]
[Round "1"]
[White "Gabix_94"]
[Black "igorcadilhac"]
[Result "1-0"]
[WhiteElo "2802"]
[BlackElo "2416"]
[TimeControl "180+1"]
[EndTime "10:06:24 PST"]
[Termination "Gabix_94 won by checkmate"]

1. e4 e5 2. Nf3 Nc6 3. Bb5 a6 4. Ba4 Nf6 5. d4 exd4 6. O-O Be7 7.
e5 Nd5 8. Bb3 Nb6 9. Re1 O-O 10.
Nxd4 Nxd4 11. Qxd4 d6 12. exd6 Bxd6 13. Bf4 Bxf4 14.
Qxf4 Nd5 15. Bxd5 Qxd5 16. Nc3 Qc5 17. Re5 Qb6 18. Nd5 Qxb2 19. Rae1 Be6 20. Nf6+ Kh8 21. Qh4 h6 22. h3 Qxc2 23. Nh5 Rad8 24. Kh2 Rd2 25. R1e3 Qb2 26. Nxg7 Kxg7 27. Rg3+ Kh7 28. Rh5 Qg7 29. Rxg7+ Kxg7 30. Rxh6 Rd5 31. Qf6+ Kg8 32. Qh8# 1-0

[Event "*** Titled Tuesday Blitz"]
[Site "Chess.com"]
[Date "2021.03.02"]
[Round "1"]
[White "KubaGepard"]
[Black "GM_Crest"]
[Result "0-1"]
[WhiteElo "2411"]
[BlackElo "2782"]
[TimeControl "180+1"]
[EndTime "10:06:24 PST"]
[Termination "GM_Crest won by resignation"]

1. d4 Nf6 2. Nf3 c5 3. d5 g6 4. Nc3 Bg7 5. e4 d6 6. Bc4 O-O 7. a4 Na6 8. O-O Nc7 9. h3 b6 10. Qe2 a6 11. Rd1 Rb8 12. e5 Nfe8 13. Bf4 Qd7 14.
Ng5 b5 15. e6 fxe6 16. dxe6 Qc6 17. Nd5 Nxd5 18. Bxd5 Qb6 19. Nf7 Nc7 20. Bxd6 exd6 21. e7 Nxd5 22. exf8=Q+ Bxf8 23. Rxd5 Kxf7 24. Re1 Bd7 25.
Qf3+ Kg8 26. Qf6 Re8 27. Rxe8 Bxe8 28. Rd3 Qc7 29. axb5 axb5 30. Rf3 Qe7 31. Qf4 Qe1+ 32. Kh2 Qe5 33. Qxe5 dxe5 34. Re3 Kf7 35. g3 Bd6 36. Kg2 Bc6+ 37. f3 b4 38. b3 Ke6 39. Rd3 e4 40. Re3 Ke5 41. fxe4 Bxe4+ 42. Kf2 c4 43. Re2 c3 44. Ke1 Bc5 45. g4 Kf4 46.
g5 Be3 47. h4 Bd2+ 48. Kd1 Bf3 49. h5 Bxe2+ 50. Kxe2 Kxg5 51. hxg6 hxg6 0-1

[Event "*** Titled Tuesday Blitz"]
[Site "Chess.com"]
[Date "2021.03.02"]
[Round "1"]
[White "Pantata007"]
[Black "nocnypako"]
[Result "0-1"]
[WhiteElo "2245"]
[BlackElo "2553"]
[TimeControl "180+1"]
[EndTime "10:06:24 PST"]
[Termination "nocnypako won on time"]

1. d4 Nf6 2. c4 g6 3. Nc3 d5 4. cxd5 Nxd5 5. e4 Nxc3 6. bxc3 Bg7 7. Nf3 c5 8. Be3 Bg4 9. Rb1 O-O 10. Rxb7 Bxf3 11.
gxf3 Nc6 12. Bb5 cxd4 13. cxd4 Nxd4 14. O-O Qc8 15. Ba6 Rd8 16. Rxa7 Qc3 17. Rxa8 Rxa8 18.
Bxd4 Bxd4 19. Bd3 Rxa2 20. Qb1 Rb2 21. Qc1 Qxd3 22. Rd1 Qe2 0-1

[Event "*** Titled Tuesday Blitz"]
[Site "Chess.com"]
[Date "2021.03.02"]
[Round "1"]
[White "ChessWarrior7197"]
[Black "SergeyShtyka"]
[Result "1-0"]
[WhiteElo "2924"]
[BlackElo "2459"]
[TimeControl "180+1"]
[EndTime "10:06:26 PST"]
[Termination "ChessWarrior7197 won by resignation"]

1. e4 c5 2. Nc3 Nc6 3. Nge2 g6 4. g3 Bg7 5. Bg2 e6 6. d3 Nge7 7. Be3 Nd4 8. Qd2 O-O 9. h4 h5 10. O-O Rb8 11. a4 a6 12. Bg5 b5 13. axb5 axb5 14. Nxd4 cxd4 15. Ne2 f6 16. Bh6 e5 17. Bxg7 Kxg7 18.
f4 d6 19. Ra7 Bg4 20. Bf3 Bxf3 21. Rxf3 Ra8 22. Rb7 Rb8 23. Rxb8 Qxb8 24. Rf1 Qa7 25. Qb4 Qc7 26. c3 dxc3 27. Nxc3 Rb8 28. Kg2 Qc5 29. Qxc5 dxc5 30. Ra1 b4 31. Nd1 Rd8 32. Ra7 Kf7 33.
Ne3 Ke6 34. f5+ gxf5 35. Ra6+ Rd6 36. Rxd6+ Kxd6 37. exf5 Ng8 38. Kf3 Nh6 39. Ke4 Kc6 40.
Nd5 Ng8 41. b3 Kd6 42. Ne3 Kc6 43. g4 hxg4 44. Nxg4 Kd6 45. h5 Ke7 46. h6 1-0

[Event "*** Titled Tuesday Blitz"]
[Site "Chess.com"]
[Date "2021.03.02"]
[Round "1"]
[White "LyonBeast"]
[Black "dachessmandan"]
[Result "1-0"]
[WhiteElo "3111"]
[BlackElo "2477"]
[TimeControl "180+1"]
[EndTime "10:06:28 PST"]
[Termination "LyonBeast won by resignation"]

1. d4 Nf6 2. c4 e6 3. Nf3 Bb4+ 4.
Nbd2 O-O 5. e3 b6 6. a3 Be7 7. b4 Bb7 8. Bb2 c5 9. dxc5 bxc5 10. b5 d5 11. Be2 Nbd7 12. O-O Qc7 13. Qc2 Rac8 14. Rfd1 Rfd8 15. a4 e5 16. cxd5 Nxd5 17. Nc4 Bf6 18. e4 Nb4 19. Qb3 Bxe4 20. Nd6 Bd5 21.
Rxd5 Nxd5 22. Nxc8 c4 23. Bxc4 Nc5 24. Qa2 Nb4 25. Bxf7+ Kf8 26. Qc4 Nbd3 27. Ba3 Rxc8 28. Qxd3 Kxf7 29. Qxh7 Ne6 30. Rd1 Rd8 31. Re1 Qc3 32.
Bc1 Nd4 33. Nxe5+ Bxe5 34. Qh5+ g6 35. Qxe5 Nf5 36. Qxc3 Rd7 37. Bg5 1-0

[Event "*** Titled Tuesday Blitz"]
[Site "Chess.com"]
[Date "2021.03.02"]
[Round "1"]
[White "MaxLeto"]
[Black "baki83"]
[Result "0-1"]
[WhiteElo "2415"]
[BlackElo "2801"]
[TimeControl "180+1"]
[EndTime "10:06:29 PST"]
[Termination "baki83 won by resignation"]

1. g4 e5 2. Bg2 d5 3. d4 e4 4. g5 c6 5. c4 h6 6. h4 hxg5 7. hxg5 Rxh1 8. Bxh1 Qd6 9. f4 exf3 10. Nxf3 Qg3+ 11. Kd2 dxc4 12. Nc3 Na6 13. Kc2 Bf5+ 14. e4 Bg6 15. a3 Ne7 16. Qe2 Nd5 17. Bd2 Nxc3 18. Bxc3 O-O-O 19. Re1 Nc7 20. Qxc4 Nd5 21.
Bd2 Re8 22. Ne5 Qxe1 23. Nxg6 Ne3+ 24. Bxe3 Qxe3 25. Nxf8 Rxf8 26. Qd3 Qxd3+ 27. Kxd3 g6 28. e5 Rh8 29. Be4 Rh5 30. b4 Rxg5 0-1

[Event "*** Titled Tuesday Blitz"]
[Site "Chess.com"]
[Date "2021.03.02"]
[Round "1"]
[White "MergenKakabaev"]
[Black "MirMan90"]
[Result "0-1"]
[WhiteElo "2397"]
[BlackElo "2741"]
[TimeControl "180+1"]
[EndTime "10:06:30 PST"]
[Termination "MirMan90 won by resignation"]

1. e4 c5 2. Nf3 e6 3. d4 cxd4 4. Nxd4 Nc6 5. Nxc6 bxc6 6. Bd3 d5 7. Nd2 Nf6 8. O-O Be7 9. Qe2 O-O 10. b3 a5 11.
a4 Re8 12. Bb2 Qb6 13. Kh1 Ba6 14. e5 Nd7 15. f4 Bxd3 16. Qxd3 g6 17. Nf3 c5 18.
Bc3 Rec8 19. Qb5 Qc7 20. Qe2 c4 21. Bd4 cxb3 22. cxb3 Qb7 23. Rab1 Nc5 24. Bxc5 Rxc5 25. h4 Rac8 26. h5 Rc2 27. Qe1 Qb4 28. Qg3 Qe4 29. h6 Qf5 30. Ng5 Bf8 31. Qh4 R8c3 32. Kh2 d4 33. Rf3 Be7 34. Rd1 Rxf3 35. Rxd4 Rff2 0-1

[Event "*** Titled Tuesday Blitz"]
[Site "Chess.com"]
[Date "2021.03.02"]
[Round "1"]
[White "GM_dmitrij"]
[Black "WanderingPuppet"]
[Result "1-0"]
[WhiteElo "3020"]
[BlackElo "2471"]
[TimeControl "180+1"]
[EndTime "10:06:31 PST"]
[Termination "GM_dmitrij won by resignation"]

1. Nf3 d5 2. e3 Nf6 3. c4 c6 4. Nc3 e6 5. b3 Nbd7 6. Bb2 Bd6 7.
Qc2 e5 8. cxd5 Nxd5 9. a3 O-O 10.
Bc4 N7f6 11. Ng5 h6 12. h4 g6 13. Nge4 Bf5 14. Nxf6+ Qxf6 15. Ne4 Qe7 16. f3 Rad8 17.
g4 Bxe4 18. Qxe4 Nf6 19. Qxg6+ Kh8 20. Qxh6+ Nh7 21. Bd3 f6 22. Bxh7 Qxh7 23. Qxh7+ Kxh7 24. Ke2 Rd7 25. d4 Re8 26. dxe5 Bxe5 27. Bxe5 Rxe5 28. Rhd1 Rde7 29. Rd3 Rb5 30. Rad1 Kg6 31. f4 f5 32. Kf3 a5 33. h5+ Kh6 34. g5+ Kxh5 35. Rd6 1-0

[Event "*** Titled Tuesday Blitz"]
[Site "Chess.com"]
[Date "2021.03.02"]
[Round "1"]
[White "Enriquack"]
[Black "Azerichess"]
[Result "0-1"]
[WhiteElo "2468"]
[BlackElo "2964"]
[TimeControl "180+1"]
[EndTime "10:06:31 PST"]
[Termination "Azerichess won by resignation"]

1. e4 c5 2. Nc3 e6 3. f4 a6 4.
Nf3 b5 5. d4 cxd4 6. Qxd4 Nc6 7. Qf2 Bb7 8. Bd3 Rc8 9. Be3 Nf6 10.
Bb6 Qe7 11. O-O-O Nb4 12. Rhe1 Rxc3 13. bxc3 Nxa2+ 14. Kd2 Nxc3 15. Ra1 Ncxe4+ 16. Bxe4 Qb4+ 17. Kc1 Nxe4 18. Qd4 Qxd4 19. Bxd4 f6 20. g3 Bb4 21. Re3 Ke7 22. Rb3 Bd6 23. Nd2 Rc8 24. Nxe4 Bxe4 25.
c3 Bd5 26. Rb2 Rc6 27. Kd2 e5 28. Be3 Ke6 29. Re1 Bc4 30. fxe5 fxe5 31. Bd4 a5 32. Kc1 a4 33. Rf2 Ba3+ 34. Kb1 d6 35. Be3 b4 36. cxb4 Bxb4 37. Bd2 Bd3+ 38. Ka2 Rc2+ 0-1